 Dungeon Crawl Stone Soup version 0.17.2-1-ge4368a0 (webtiles) character file.

858 Rottenbandages the Insei (level 7, -3/56 HPs)
             Began as a Mummy Monk on Oct 27, 2017.
             Slain by a giant frog (5 damage)
             ... on level 6 of the Dungeon.
             The game lasted 00:24:18 (11357 turns).

Rottenbandages the Insei (Mummy Monk)              Turns: 11357, Time: 00:24:18

Health: -3/56      AC:  3    Str: 14    XL:     7   Next: 71%
Magic:  7/7        EV: 15    Int: 12    God:
Gold:   371        SH:  0    Dex: 17    Spells: 0 memorised, 6 levels left

rFire  x . .     SeeInvis .       - Unarmed
rCold  + . .     Clarity  .     (no armour)
rNeg   + + +     SustAt   .     (no shield)
rPois  ∞         Gourm    .     p - +0 helmet {Int+3}
rElec  .         Spirit   .     (no cloak)
rCorr  .         Warding  .     r - +0 pair of gloves
rMut   .         Stasis   .     c - +0 pair of boots
MR     ++...                    (no amulet)
Stlth  ++........               f - ring of protection from magic
                                g - ring of protection from magic

@: very resistant to hostile enchantments, unstealthy
A: no food or potions, fire vulnerability, cold resistance 1, negative energy
resistance 3, torment resistance, unbreathing
a: no special abilities


You were on level 6 of the Dungeon.
You were not hungry.

You visited 1 branch of the dungeon, and saw 7 of its levels.
You also visited: Ossuary.

You collected 371 gold pieces.


Innate Abilities, Weirdness & Mutations

You do not eat or drink.
Your flesh is vulnerable to fire.
You are immune to poison.
Your flesh is cold resistant.
You are immune to negative energy.
You are immune to unholy pain and torment.
You can survive without breathing.


   Skills:
 - Level 5.3 Fighting
 - Level 4.4 Dodging
 - Level 1.5 Stealth
 + Level 6.1 Unarmed Combat


You had 6 spell levels left.
You didn't know any spells.

Inventory:

Armour
 c - a +0 pair of boots (worn)
 k - a +0 helmet
 p - a +0 helmet of intelligence (worn)
 r - a +0 pair of gloves (worn)
Jewellery
 d - an uncursed ring of magical power
 f - a ring of protection from magic (right hand)
 g - a ring of protection from magic (left hand)
Scrolls
 a - 4 scrolls of teleportation {unknown}
 b - 2 scrolls of remove curse
 e - a scroll of random uselessness {unknown}
 h - a scroll of enchant weapon {unknown}
 i - 2 scrolls of fear {unknown}
 j - 2 scrolls of fog
 l - 3 scrolls of amnesia
 m - a scroll of immolation {unknown}
 n - a scroll of vulnerability {unknown}
 o - a scroll of blinking {unknown}
 q - a scroll of enchant armour {unknown}

Dungeon Overview and Level Annotations

Branches:
Dungeon (7/15)
 Temple: D:4-7

Altars:
Ashenzari
Fedhas
Kikubaaqudgha
Nemelex Xobeh
Okawaru
Qazlal
Vehumet
Xom
Yredelemnul

Annotations:
D:4 exclusions: worker ant and 2 more exclusions, Blork the orc, Menkaure, Pikel
D:5 exclusions: ice beast, ogre and sky beast
D:6 exclusions: ogre, orc priest and orc wizard
D:7 exclusion: ogre

...▒...▒▒▒.▒▒..▒▒▒▒ ▒
>.......[..▒▒..▒ .▒
.......▒▒▒.▒▒..▒ ▒.
.....(▒▒▒▒.....▒ .
...............▒ .▒
▒.▒.....▒.....▒▒ ▒.▒
..▒............▒ ▒▒..▒▒▒..
▒▒▒.....▒......▒▒▒......▒
▒▒.....▒)▒▒....MF........
................▒▒...▒▒▒▒.
▒▒▒▒▒▒▒▒▒.▒▒.....▒▒.▒▒
▒.▒.......▒.▒
▒.▒...........
▒.▒.......▒▒▒.▒
▒...▒.....▒ .▒
▒▒.▒▒▒..▒▒▒▒▒.▒ ▒%▒▒
▒▒.......▒


You could see a giant frog.


Message History

You take 6 damage, and have 27/56 hp!
You barely miss the giant frog!
The giant frog is moderately wounded!
The giant frog hits you!!! * * * don't die
* * * The giant frog closely misses you!
You take 7 damage, and have 20/56 hp!
You barely miss the giant frog!
The giant frog is moderately wounded!
The giant frog misses you!
You closely miss the giant frog!
The giant frog is moderately wounded!
The giant frog hits you! * * * don't die
* * * You take 6 damage, and have 14/56 hp!
You miss the giant frog!
The giant frog is moderately wounded!
The giant frog hits you!!! * * * don't die
* * * The giant frog hits you but does no damage!
You take 8 damage, and have 6/56 hp!
You pulverise the giant frog!
The giant frog is heavily wounded!
The giant frog hits you! * * * don't die
* * * You take 4 damage, and have 2/56 hp!
You miss the giant frog!
The giant frog is heavily wounded!
The giant frog hits you! rip

Action                   |  1- 3 |  4- 6 |  7- 9 || total
-------------------------+-------+-------+-------++-------
Melee: Unarmed           |   164 |   380 |   210 ||   754
  Use: Scroll            |       |     2 |     2 ||     4
 Stab: Sleeping          |     2 |     1 |     2 ||     5
       Distracted        |       |     2 |     2 ||     4

Vault maps used:
D:1:      dpeg_arrival_pond
D:2:      overflow_temple_1_default, kennysheep_small_spiral,
          grunt_ministairs_13
D:3:      grunt_temple_overflow_open
D:4:      elyvilon_altar_4, nicolae_ossuary_entry_giza, first_bread,
          roderic_lattice_a, lemuel_flame_loot_1, uniq_menkaure, uniq_pikel,
          uniq_blork_the_orc
D:5:      grunt_temple_overflow_forces_of_nature, kennysheep_cross_room,
          solitary_fountain, grunt_ministairs_8, tgw_kikubaaqudgha
D:6:      minmay_temple_entry_nine_rooms
Ossuary:  ossuary_tomb_2

Notes
Turn   | Place    | Note
--------------------------------------------------------------
     0 | D:1      | Rottenbandages the Mummy Monk began the quest for the Orb.
     0 | D:1      | Reached XP level 1. HP: 18/18 MP: 1/1
   999 | D:2      | Found a shimmering altar of Xom.
  1003 | D:2      | Reached XP level 2. HP: 24/24 MP: 2/2
  1755 | D:2      | Reached skill level 4 in Unarmed Combat
  2330 | D:2      | Reached XP level 3. HP: 20/29 MP: 3/3
  4039 | D:3      | Reached XP level 4. HP: 28/35 MP: 4/4
  4294 | D:4      | Noticed Blork the orc
  4295 | D:4      | oh right
  4295 | D:4      | literally fuck you
  4323 | D:4      | Found a sand-covered staircase.
  4368 | Ossuary  | Entered an ossuary
  4730 | Ossuary  | Reached skill level 5 in Unarmed Combat
  4882 | Ossuary  | Reached XP level 5. HP: 22/41 MP: 5/5
  5546 | Ossuary  | Reached skill level 4 in Fighting
  5850 | Ossuary  | Reached XP level 6. HP: 32/48 MP: 6/6
  6101 | Ossuary  | now I just have to don't die to blork
  6742 | D:3      | Found a radiant altar of Vehumet.
  6745 | D:3      | Found a shattered altar of Ashenzari.
  6745 | D:3      | Found an ancient bone altar of Kikubaaqudgha.
  6746 | D:3      | Found a sparkling altar of Nemelex Xobeh.
  6746 | D:3      | Found a basalt altar of Yredelemnul.
  6747 | D:3      | Found an iron altar of Okawaru.
  7109 | D:3      | Reached skill level 5 in Fighting
  7385 | D:5      | Entered Level 5 of the Dungeon
  8143 | D:4      | You fall through a shaft for 2 floors!
  8276 | D:7      | Noticed a water moccasin
  8291 | D:7      | Killed a water moccasin
  8291 | D:7      | Reached skill level 3 in Dodging
  8291 | D:7      | Reached XP level 7. HP: 15/56 MP: 7/7
  8740 | D:5      | Found a blossoming altar of Fedhas.
  8743 | D:5      | Found a stormy altar of Qazlal.
  9703 | D:4      | Noticed a slave
  9703 | D:4      | Noticed a slave
  9704 | D:4      | Noticed a slave
  9745 | D:4      | Killed a slave
  9912 | D:2      | Reached skill level 4 in Dodging
  9992 | D:4      | Noticed a slave
 10012 | D:4      | Killed a slave
 10252 | D:4      | Noticed Menkaure
 10691 | D:4      | Noticed Pikel
 11295 | D:6      | Reached skill level 6 in Unarmed Combat
 11356 | D:6      | HP: 2/56 [giant frog (4)]
 11357 | D:6      | Slain by a giant frog

Vanquished Creatures
  A water moccasin (D:7)
  2 slaves (D:4)
  An ogre (D:6)
  2 water moccasin zombies (Ossuary)
  A scorpion (D:3)
  An orc priest (D:5)
  A centaur skeleton (D:4)
  2 hounds
  2 orc wizards
  An iguana (D:2)
  3 big kobold zombies (Ossuary)
  A hound skeleton (D:6)
  2 mummies (Ossuary)
  3 adders (D:3)
  3 gnolls (D:6)
  A shadow imp (D:6)
  2 oozes
  3 adder zombies (Ossuary)
  4 worms (D:2)
  5 giant geckos
  18 orcs
  6 giant cockroaches
  4 gnoll zombies (Ossuary)
  6 goblins
  7 hobgoblins
  8 jackals
  4 kobolds
  2 quokkas (D:5)
  3 ball pythons
  5 bats
  A giant gecko skeleton (D:5)
  2 giant newts
  4 hobgoblin zombies (Ossuary)
  A jackal skeleton (D:4)
  9 kobold zombies
  6 orc zombies (Ossuary)
  2 quokka zombies
  6 rats
135 creatures vanquished.

Vanquished Creatures (others)
  A phantom (D:4)
  2 jackals (D:4)
  A goblin zombie (D:4)
4 creatures vanquished.

Grand Total: 139 creatures vanquished
